 Dungeon Crawl Stone Soup version 0.17.1-1-g73c8601 (webtiles) character file.

2064 Flanowski the Fighter (level 9, -2/82 HPs)
             Began as a White Draconian Berserker on Jan 2, 2016.
             Was an Elder of Trog.
             Succumbed to a killer bee's poison
             ... on level 7 of the Dungeon.
             The game lasted 00:12:43 (5466 turns).

Flanowski the Fighter (White Draconian Berserker)   Turns: 5466, Time: 00:12:43

Health: -2/82      AC:  9    Str: 24    XL:     9   Next: 5%
Magic:  9/9        EV: 15    Int:  7    God:    Trog [****..]
Gold:   364        SH:  0    Dex: 10    Spells: 0 memorised, 8 levels left

rFire  . . .     SeeInvis .     j - +1 falchion (slice)
rCold  + . .     Clarity  .     (armour unavailable)
rNeg   . . .     SustAt   +     (no shield)
rPois  .         Gourm    .     (helmet restricted)
rElec  .         Spirit   .     (no cloak)
rCorr  .         Warding  .     E - +0 pair of gloves
rMut   .         Stasis   .     c - +0 pair of boots
MR     ++...                    l - amulet of regeneration
Stlth  +.........               (no ring)
                                r - ring of sustain attributes

@: lethally poisoned (-2 -> -9), exhausted, regenerating, slowed, very slow,
very resistant to hostile enchantments, very unstealthy
A: breathe frost, unfitting armour, cold resistance 1, cold-blooded, AC +7
a: Breathe Frost, Berserk, Trog's Hand, Brothers in Arms, Burn Spellbooks,
Renounce Religion


You were on level 7 of the Dungeon.
You worshipped Trog.
Trog was greatly pleased with you.
You were very hungry.

You visited 1 branch of the dungeon, and saw 7 of its levels.

You collected 364 gold pieces.

Inventory:

Hand Weapons
 j - a +1 falchion of slicing (weapon)
Armour
 c - a +0 pair of boots (worn)
 E - a +0 pair of gloves (worn)
Jewellery
 k - an uncursed amulet of resist corrosion
 l - an amulet of regeneration (around neck)
 r - a ring of sustain attributes (left hand)
Wands
 q - a wand of fire (3)
 F - a wand of confusion (11)
Scrolls
 e - a scroll of immolation {unknown}
 f - a scroll of fear {unknown}
 g - 7 scrolls of identify {unknown}
 i - 7 scrolls of enchant weapon {unknown}
 m - 3 scrolls of recharging {unknown}
 o - 4 scrolls of teleportation {unknown}
 p - a scroll of magic mapping {unknown}
 s - 3 scrolls of random uselessness {unknown}
 t - a scroll of noise {unknown}
 x - a scroll of fog {unknown}
 y - 2 scrolls of blinking {unknown}
 B - 3 scrolls of remove curse {unknown}
 D - a scroll of torment {unknown}
 G - a scroll of silence {unknown}
Potions
 a - 3 potions of curing {unknown}
 h - a potion of lignification {unknown}
 n - a potion of brilliance {unknown}
 u - a potion of agility {unknown}
 v - a potion of resistance {unknown}
 w - a potion of haste {unknown}
 z - a potion of poison {unknown}
 C - a potion of mutation {unknown}
Comestibles
 b - a bread ration
 d - 6 meat rations
 A - a fruit


   Skills:
 * Level 8.5 Fighting
 + Level 6.4 Long Blades
 + Level 7.5 Dodging


You had 8 spell levels left.
You didn't know any spells.

Dungeon Overview and Level Annotations

Branches:
Dungeon (7/15)             Temple (0/1) D:7

Altars:
Cheibriados
Fedhas
Nemelex Xobeh
Xom
Yredelemnul


Innate Abilities, Weirdness & Mutations

You can breathe waves of freezing cold.
You can buffet flying creatures when you breathe cold.
Your icy white scales are hard (AC +7).
Your body does not fit into most forms of armour.
Your flesh is cold resistant.
You are cold-blooded and may be slowed by cold attacks.


Message History

You feel resistant to hostile enchantments.
You are feeling very hungry.
You feel very sick. The killer bee closely misses you.
The killer bee stings you.
* * * LOW HITPOINT WARNING * * *
You are lethally poisoned!
The killer bee poisons you! The killer bee barely misses you.
The killer bee stings you.
* * * LOW HITPOINT WARNING * * *
The killer bee closely misses you. The killer bee completely misses you.
You closely miss the killer bee.
The killer bee is severely wounded.
* * * LOW HITPOINT WARNING * * *
You feel very sick. The killer bee barely misses you.
The killer bee misses you. The killer bee barely misses you.
The killer bee closely misses you. The killer bee barely misses you.
The killer bee closely misses you.
You closely miss the killer bee.
Your tail-slap misses the killer bee.
The killer bee is severely wounded.
You die...

##..## #...## #..
#....## #..#
####(.## .).#
#...## ..# ##...#
...# #...###
#...##
#.....####†....#
#........@y....#
#.......).y####.#
#.........##
##.......##
##......#
###.......#
#........##
#..##.....#
#######...##


You could see 2 killer bees.

Vanquished Creatures
  Sigmund (D:5)
  Duvessa (D:4)
  An ogre (D:5)
  An orc warrior (D:6)
  A sky beast (D:6)
  An ice beast (D:6)
  A giant frog (D:6)
  2 centaurs
  Dowan (D:4)
  A water moccasin zombie (D:7)
  3 jellies
  A scorpion (D:6)
  3 killer bees (D:7)
  2 crimson imps (D:6)
  An orc priest (D:6)
  2 centaur skeletons
  3 hounds
  2 orc wizards (D:6)
  8 worker ants
  Terence (D:3)
  Natasha (twice) (D:3)
  4 gnolls (D:4)
  9 adders
  3 oozes
  A worm (D:2)
  2 adder skeletons
  4 giant geckos
  18 orcs
  A ball python (D:1)
  7 goblins
  6 hobgoblins
  8 jackals
  8 quokkas
  6 bats
  9 giant cockroaches
  3 giant newts (D:2)
  A jackal zombie (D:5)
  8 kobolds
  A quokka skeleton (D:4)
  7 rats
145 creatures vanquished.

Notes
Turn   | Place    | Note
--------------------------------------------------------------
     0 | D:1      | Flanowski the Draconian Berserker began the quest for the Orb.
     0 | D:1      | Reached XP level 1. HP: 19/19 MP: 1/1
   159 | D:1      | Reached XP level 2. HP: 26/26 MP: 2/2
   684 | D:1      | Reached ** piety under Trog
   776 | D:2      | Reached XP level 3. HP: 31/33 MP: 3/3
   878 | D:2      | Reached skill level 4 in Fighting
  1789 | D:2      | Reached XP level 4. HP: 27/40 MP: 4/4
  2102 | D:3      | Noticed Natasha
  2109 | D:3      | Killed Natasha
  2110 | D:3      | Reached *** piety under Trog
  2252 | D:3      | Reached XP level 5. HP: 47/47 MP: 5/5
  2262 | D:3      | Noticed Terence
  2268 | D:3      | Killed Terence
  2546 | D:3      | Noticed Natasha
  2559 | D:3      | Killed Natasha
  2833 | D:4      | Reached skill level 5 in Fighting
  2918 | D:4      | Reached XP level 6. HP: 44/56 MP: 6/6
  2956 | D:4      | Noticed Dowan
  2957 | D:4      | Noticed Duvessa
  2965 | D:4      | Killed Duvessa
  2967 | D:4      | Killed Dowan
  2967 | D:4      | Reached skill level 5 in Dodging
  3300 | D:4      | Found a blossoming altar of Fedhas.
  3305 | D:4      | Found a snail-covered altar of Cheibriados.
  3364 | D:5      | Entered Level 5 of the Dungeon
  3510 | D:5      | Your scales start taking on an icy white colour.
  3510 | D:5      | Gained mutation: Your flesh is cold resistant. [White Draconian growth]
  3510 | D:5      | Reached XP level 7. HP: 50/62 MP: 7/7
  3740 | D:5      | Reached skill level 6 in Fighting
  3751 | D:5      | Noticed Sigmund
  3758 | D:5      | Killed Sigmund
  3961 | D:5      | Reached skill level 5 in Long Blades
  4157 | D:5      | Found a sparkling altar of Nemelex Xobeh.
  4201 | D:6      | Reached XP level 8. HP: 71/71 MP: 8/8
  4207 | D:6      | Reached skill level 7 in Fighting
  4266 | D:6      | Reached **** piety under Trog
  4751 | D:6      | Reached skill level 8 in Fighting
  4768 | D:6      | HP: 2/74 [worker ant (6)]
  4773 | D:6      | HP: 3/74 [poisoned by a worker ant]
  4931 | D:6      | Found a shimmering altar of Xom.
  4934 | D:6      | Found a basalt altar of Yredelemnul.
  4939 | D:6      | Found a sparkling altar of Nemelex Xobeh.
  5368 | D:7      | Found a staircase to the Ecumenical Temple.
  5447 | D:7      | Reached XP level 9. HP: 82/82 MP: 9/9
  5464 | D:7      | HP: 4/82 [killer bee (3)]
  5465 | D:7      | HP: 1/82 [poisoned by a killer bee]
  5466 | D:7      | Succumbed to a killer bee's poison

Action                   |  1- 3 |  4- 6 |  7- 9 || total
-------------------------+-------+-------+-------++-------
Melee: Falchion          |   139 |   173 |   232 ||   544
Invok: Berserk           |       |     5 |     4 ||     9
       Trog's Hand       |       |     2 |     2 ||     4
 Stab: Sleeping          |     2 |       |     1 ||     3
  Eat: Chunk             |     2 |    13 |     7 ||    22
       Bread ration      |       |       |     1 ||     1
